 Dungeon Crawl Stone Soup version 0.21.0-24-g2553a33 (webtiles) character file.

156 Monsterracer the Shooter (level 5, -3/31 HPs)
             Began as a Tengu Arcane Marksman on Jan 21, 2018.
             Killed by divine providence
             ... invoked by an orc priest
              (16 damage)
             ... on level 4 of the Dungeon.
             The game lasted 00:03:33 (3315 turns).

Monsterracer the Shooter (Tengu Arcane Marksman)    Turns: 3315, Time: 00:03:33

Health: -3/31      AC:  8    Str: 11    XL:     5   Next: 38%
Magic:  7/7        EV: 11    Int: 14    God:
Gold:   64         SH:  0    Dex: 14    Spells: 5/6 levels left

rFire    . . .     SeeInvis .   a - +0 shortbow
rCold    . . .     Gourm    +   (shield currently unavailable)
rNeg     . . .     Faith    .   g - +0 ring mail
rPois    .         Spirit   .   (helmet restricted)
rElec    .         Reflect  .   (no cloak)
rCorr    .         Harm     .   t - +2 pair of gloves
MR       .....                  (boots unavailable)
Stlth    ++........             i - amulet of the gourmand
HPRegen  0.10/turn              f - ring of stealth
MPRegen  0.10/turn              (no ring)

@: no status effects
A: beak, talons 3, able to fly 1
a: Fly


You were on level 4 of the Dungeon.
You were not hungry.

You visited 1 branch of the dungeon, and saw 4 of its levels.

You collected 251 gold pieces.
You spent 187 gold pieces at shops.

Inventory:

Hand Weapons
 a - a +0 shortbow (weapon)
 b - a +0 long sword
 j - a +1 whip of pain
Missiles
 d - 75 arrows (quivered)
Armour
 g - a +0 ring mail (worn)
 t - a +2 pair of gloves (worn)
Jewellery
 f - a ring of stealth (left hand)
 i - an amulet of the gourmand (around neck)
Scrolls
 e - 3 scrolls of teleportation {unknown}
 k - 2 scrolls of identify {unknown}
 n - a scroll of noise {unknown}
 o - 2 scrolls of enchant armour {unknown}
 s - a scroll of enchant weapon {unknown}
Potions
 h - 2 potions of cancellation {unknown}
 l - a potion of heal wounds {unknown}
 m - a potion of resistance {unknown}
 p - a potion of magic {unknown}
 q - a potion of brilliance {unknown}
 r - a potion of agility {unknown}
Comestibles
 c - 7 rations


   Skills:
 + Level 2.4 Fighting
 + Level 1.2 Long Blades
 * Level 4.3 Bows
 + Level 3.3 Dodging
 - Level 1.0 Spellcasting
 - Level 2.1 Hexes


You had 5 spell levels left.
You knew the following spells:

 Your Spells              Type           Power        Failure   Level  Hunger
a - Corona                Hex            #......      26%         1    ##.....


Dungeon Overview and Level Annotations

Branches:
Dungeon (4/15)
 Temple: D:4-7

Altars:
Qazlal
Ru
Yredelemnul

Shops:
D:4 [


Innate Abilities, Weirdness & Mutations

You have a beak for a mouth.
You have claws for feet.
You can fly.


Message History

No target in view!
Found a ring mail.
You see here a hunting sling.
There is an entrance to Kocit's Antique Armour Boutique here.
t - a pair of embroidered gloves Thank you for shopping at Kocit's Antique Armour Boutique!
Wear which item? (? for menu, Esc to quit)
You're already wearing that object!
What are your orders? t - Shout!
Orders for allies: a - Attack new target. r - Retreat! s - Stop attacking. g - Guard the area. f - Follow me.
Anything else - Cancel.
Okay, then.
Wear which item? (? for menu, Esc to quit)
You start putting on your armour.
You continue putting on your pair of embroidered gloves. x4
You finish putting on your +2 pair of gloves.
You can access your shopping list by pressing '$'.
Found a stone staircase leading down.
Found a stormy altar of Qazlal.
No target in view!
Key pressed, stopping explore.
No reachable target in view!
No reachable target in view!
No reachable target in view!
k - 2 scrolls labeled WAFRAEPLIARU (gained 1)
A leopard gecko skeleton comes into view.
Found 8 curare-tipped needles.
A leopard gecko skeleton is nearby!
You hit the leopard gecko skeleton. You peck the leopard gecko skeleton.
The leopard gecko skeleton is almost destroyed.
The leopard gecko skeleton completely misses you.
The leopard gecko skeleton barely misses you.
You riposte.
Your ring mail prevents you from hitting the leopard gecko skeleton.
You peck the leopard gecko skeleton.
You destroy the leopard gecko skeleton!
No target in view!
No target in view!
No target in view!
An orc priest comes into view.
The orc priest shouts!
You hear a shout!
An orc priest is nearby!
An orc priest is nearby!
An orc comes into view.
An orc and an orc wizard come into view.
An orc wizard comes into view. It is wielding a dagger.
a - a +0 shortbow (weapon)
The orc wizard shouts!
Firing (i - inventory):
d - 81 arrows (quivered)
Press: ? - help, Shift-Dir - straight line, f - orc priest
Aim: an orc priest You shoot an arrow.
The arrow hits the orc priest but does no damage.
The orc priest barely misses you.
Firing (i - inventory):
d - 80 arrows (quivered)
Press: ? - help, Shift-Dir - straight line, f/p - orc priest
Aim: an orc priest You shoot an arrow.
The arrow hits the orc priest!
The orc priest is heavily wounded.
The orc priest mumbles some strange prayers to Beogh against you.
Pain shoots through your body!
You take 6 damage, and have 25/31 hp.
Firing (i - inventory):
d - 79 arrows (quivered)
Press: ? - help, Shift-Dir - straight line, f/p - orc priest
Aim: an orc priest (heavily wounded)
You shoot an arrow. The arrow hits the orc priest.
The orc priest is almost dead.
The orc priest misses you.
Firing (i - inventory):
d - 78 arrows (quivered)
Press: ? - help, Shift-Dir - straight line, f/p - orc priest
Aim: an orc priest (almost dead)
You shoot an arrow. The arrow barely misses the orc priest.
The arrow hits the orc.
The orc is moderately wounded.
The orc priest misses you.
Firing (i - inventory):
d - 77 arrows (quivered)
Press: ? - help, Shift-Dir - straight line, f/p - orc priest
Aim: an orc priest (almost dead)
You shoot an arrow.
The arrow completely misses the orc priest.
The arrow completely misses the orc wizard.
The arrow hits the orc.
The orc is severely wounded.
The orc priest hits you but does no damage.
Firing (i - inventory):
d - 76 arrows (quivered)
Press: ? - help, Shift-Dir - straight line, f/p - orc priest
Aim: an orc priest (almost dead)
You shoot an arrow.
The arrow closely misses the orc priest.
The arrow hits the orc wizard but does no damage.
The orc priest invokes the aid of Beogh against you.
Pain shoots through your body!
* * * LOW HITPOINT WARNING * * *
The orc priest invokes the aid of Beogh against you.
Beogh smites you!
Ouch! That really hurt!
You die...

#. #.# #. #
...# #. o. ....
# #. ..o.o...
.# #.
...o..o.#####.#
#.
..............#
#.
......#########
#. #..ooo@....#
#. ###.######.#
## ... #..# #
....# ##.## #
#...# #..# #
#... ###.## ##
#.. #....###
##. #..
#......### ##..
#........##
###..#


You could see an orc priest, an orc wizard and an orc.

Vanquished Creatures
  A howler monkey skeleton (D:2)
  2 adders
  2 oozes
  5 worms
  4 dart slugs
  3 leopard geckos
  8 orcs
  A ball python (D:1)
  4 bats
  5 giant cockroaches
  9 goblins
  11 hobgoblins
  6 jackals
  8 kobolds
  3 frilled lizards
  A leopard gecko skeleton (D:4)
  8 rats
  A spectral orc (D:3)
82 creatures vanquished.

Notes
Turn   | Place    | Note
-------+----------+-------------------------------------------
     0 | D:1      | Monsterracer the Tengu Arcane Marksman began the quest for the Orb.
     0 | D:1      | Reached XP level 1. HP: 12/12 MP: 3/3
    94 | D:1      | Reached XP level 2. HP: 16/16 MP: 4/4
   520 | D:1      | Reached skill level 3 in Bows
   526 | D:1      | Reached XP level 3. HP: 20/20 MP: 5/5
   971 | D:2      | HP: 6/21 [worm (5)]
  1295 | D:2      | Reached XP level 4. HP: 26/26 MP: 6/6
  1717 | D:2      | Found a sacrificial altar of Ru.
  2129 | D:3      | Reached skill level 4 in Bows
  2195 | D:3      | Found a basalt altar of Yredelemnul.
  2269 | D:3      | Reached skill level 1 in Long Blades
  2270 | D:3      | Gained mutation: You can fly. [Tengu growth]
  2270 | D:3      | Reached XP level 5. HP: 27/30 MP: 7/7
  2834 | D:3      | HP: 15/31 [poisoned by an adder]
  2842 | D:3      | HP: 14/31 [poisoned by an adder]
  3215 | D:4      | Found Kocit's Antique Armour Boutique.
  3222 | D:4      | Bought a pair of embroidered gloves for 187 gold pieces
  3233 | D:4      | Found a stormy altar of Qazlal.
  3236 | D:4      | Noticed a water elemental
  3236 | D:4      | Noticed an air elemental
  3236 | D:4      | Noticed a fire elemental
  3315 | D:4      | HP: 13/31 [orc priest/nerve-wracking pain (13)]
  3315 | D:4      | Killed from afar by an orc priest

Skill      XL: |  1  2  3  4 |
---------------+-------------+-----
Bows           | 3 4 |  4.3
Fighting       | 2 |  2.4
Dodging        | 3 |  3.3
Long Blades    | 1 |  1.2
Spellcasting   | |  1.0
Hexes          | |  2.1

Action                   |  1- 3 |  4- 6 || total
-------------------------+-------+-------++-------
Melee: Unarmed           |    26 |       ||    26
       Kick              |    19 |    23 ||    42
       Peck              |     7 |    13 ||    20
       Short sword       |    43 |     1 ||    44
       Long sword        |       |    80 ||    80
 Fire: Shortbow          |    30 |     9 ||    39
 Stab: Sleeping          |     3 |     1 ||     4
  Eat: Chunk             |     1 |     7 ||     8
Armor: Robe              |     2 |       ||     2
       Ring mail         |    14 |    34 ||    48
Dodge: Dodged            |    44 |    62 ||   106
       Rpst.: Long sword |       |    23 ||    23

Vault maps used:
D:1:      lightli_molten_gateway
D:2:      hangedman_ru_absence
D:3:      yredelemnul_forgotten_temple_becter
D:4:      doesnt_xom_only_xom, nicolae_qazlal_style_of_elements, serial_shops,
          shop, serial_co_window_serial, co_window_paths_a,
          co_window_of_opportunity_a, co_window_paths_a, co_window_corner_a,
          co_window_paths_a, co_window_paths_c, co_window_of_opportunity_b,
          co_window_unsneaky_path_b, co_window_paths_c, co_window_2corner,
          co_window_4corner_a, glass_columns_a, glass_columns_a,
          glass_columns_a, glass_columns_a
